 Dungeon Crawl Stone Soup version 0.31-a0-446-g07c4bd200f (webtiles) character file.

Game seed: 12320690279139549601

7575 MacCMillion the Grappler (level 10, -10/93 HPs)
             Began as a White Draconian Fighter on Aug 3, 2023.
             Was a High Priest of Okawaru.
             Mangled by an orc warrior
             ... wielding a +0 broad axe
              (15 damage)
             ... on level 9 of the Dungeon.
             The game lasted 00:22:08 (12177 turns).

MacCMillion the Grappler (White Draconian Fighter) Turns: 12177, Time: 00:22:09

Health: -10/93     AC:  8    Str: 24    XL:     10   Next: 97%
Magic:  14/14      EV: 12    Int:  8    God:    Okawaru [*****.]
Gold:   414        SH:  4    Dex: 10    Spells: 9/14 levels left

rFire   . .          .
                       - Unarmed
rCold   + + .        a - +0 buckler
rNeg    . . .        (body armour unavailable)
rPois   .            (helmet restricted)
rElec   .            (no cloak)
rCorr   .            (no gloves)
SInv    .            p - +0 pair of boots
Will    .....        (no amulet)
Stlth   +            E - ring of protection from cold
HPRegen 0.35/turn    (no ring)
MPRegen 0.14/turn

%: no passive effects
@: short of breath
A: breathe frost, AC +7, unfitting armour, cold resistance 1, cold-blooded
a: Breathe Frost, Renounce Religion, Heroism, Finesse, Duel


You were on level 9 of the Dungeon.
You worshipped Okawaru.
Okawaru was extremely pleased with you.
You visited 2 branches of the dungeon, and saw 10 of its levels.
You also visited: Ossuary.

You collected 414 gold pieces.

Inventory:

Missiles
 o - 16 poisoned darts
Armour
 a - a +0 buckler (worn)
 p - a +0 pair of boots (worn)
Jewellery
 E - a ring of protection from cold (left hand)
Wands
 c - a wand of polymorph (19)
 D - a wand of iceblast (2)
Scrolls
 d - 2 scrolls of amnesia {unknown}
 f - 2 scrolls of immolation {unknown}
 h - 4 scrolls of fog {unknown}
 i - 4 scrolls of poison {unknown}
 j - a scroll of enchant armour {unknown}
 k - 2 scrolls of enchant weapon {unknown}
 n - 2 scrolls of acquirement {unknown}
 q - a scroll of vulnerability {unknown}
 v - 2 scrolls of revelation {unknown}
 w - 3 scrolls of noise {unknown}
 y - 4 scrolls of teleportation {unknown}
 B - 2 scrolls of silence {unknown}
 F - a scroll of fear {unknown}
Potions
 b - a potion of degeneration {unknown}
 e - 3 potions of curing
 g - a potion of berserk rage {unknown}
 l - 3 potions of mutation
 m - a potion of cancellation {unknown}
 r - 4 potions of enlightenment
 s - 3 potions of attraction
 t - 4 potions of brilliance
 u - 5 potions of magic
 x - 4 potions of resistance {unknown}
 z - 5 potions of heal wounds {unknown}
 A - 3 potions of haste {unknown}
 C - 3 potions of lignification {unknown}


   Skills:
 - Level 10.0 Fighting
 - Level 2.6 Dodging
 - Level 3.0 Shields
 + Level 11.2 Unarmed Combat
 + Level 2.8 Spellcasting
 + Level 4.5 Conjurations
 + Level 6.1 Ice Magic
 + Level 4.5 Air Magic
 - Level 3.0 Invocations


You had 9 spell levels left.
You knew the following spells:

 Your Spells              Type           Power      Damage    Failure   Level
a - Freezing Cloud        Conj/Ice/Air   4%         6-21      80%         5

Your spell library contained the following spells:

 Spells                   Type           Power      Damage    Failure   Level
 Magic Dart               Conj           32%        1d4       6%          1
 Static Discharge         Conj/Air       16%        2-3/arc   9%          2
 Ozocubu's Armour         Ice            11%        N/A       10%         3
 Momentum Strike          Conj/Tloc      8%         3d8       24%         2
 Cigotuvi's Dreadful Rot  Necr/Pois/Air  6%         N/A       32%         2
 Mephitic Cloud           Conj/Pois/Air  6%         N/A       32%         3
 Apportation              Tloc           2%         N/A       36%         1
 Necrotise                Necr           4%         1d4       36%         1
 Blink                    Tloc           2%         N/A       52%         2
 Lesser Beckoning         Tloc           2%         N/A       52%         2
 Airstrike                Air            4%         2d(1-17)  52%         4
 Ignite Poison            Fire/Tmut/Pois 1%         N/A       75%         3
 Passage of Golubria      Tloc           1%         N/A       98%         4
 Yara's Violent Unravell  Hex/Tmut       0%         3d3       100%        5
 Ozocubu's Refrigeration  Ice            5%         4d8       100%        7
 Summon Small Mammal      Summ           Unusable   N/A       N/A         1
 Call Imp                 Summ           Unusable   N/A       N/A         2
 Call Canine Familiar     Summ           Unusable   N/A       N/A         3
 Summon Guardian Golem    Hex/Summ       Unusable   N/A       N/A         3
 Tukima's Dance           Hex            Unusable   N/A       N/A         3
 Summon Lightning Spire   Summ/Air       Unusable   N/A       N/A         4

Dungeon Overview and Level Annotations

Branches:
Dungeon (9/15)             Temple (1/1) D:6            Lair (0/5) D:9
    Orc (0/2) D:9         Ossuary (visited)

Altars:
Ashenzari
Cheibriados
Dithmenos
Elyvilon
Fedhas
Gozag
Hepliaklqana
Kikubaaqudgha
Makhleb
Nemelex Xobeh
Okawaru
Qazlal
Ru
Sif Muna
Trog
Uskayaw
Vehumet
Wu Jian
Xom
Yredelemnul
Zin
The Shining One

Shops:
D:8 :


Innate Abilities, Weirdness & Mutations

You can breathe waves of freezing cold which knock back foes.
Your icy white scales are hard. (AC +7)
You cannot fit into any form of body armour.
Your flesh is cold resistant. (rC+)
You are cold-blooded and may be slowed by cold attacks.


Message History

The orc priest calls upon Beogh to heal the orc warrior.
The orc warrior is healed somewhat.
You hit the orc priest. You tail-slap the orc priest.
The orc priest is moderately wounded.
The orc priest calls upon Beogh to heal the orc priest.
The orc priest's wounds heal themselves!
The orc priest hits you with a +0 hand axe.
* * * LOW HITPOINT WARNING * * *
You hit the orc priest.
The orc priest is moderately wounded.
You closely miss the orc priest. You hit the orc priest.
The orc priest is moderately wounded.
You block the orc priest's attack. The orc priest misses you.
You punch the orc priest!
The orc priest is almost dead.
The orc priest closely misses you.
The orc priest invokes the aid of Beogh against you.
Pain shoots through your body!
* * * LOW HITPOINT WARNING * * *
You punch the orc priest!
You kill the orc priest!
Okawaru accepts your kill.
You closely miss the orc priest.
The orc priest is moderately wounded.
The orc priest hits you with a +0 hand axe.
* * * LOW HITPOINT WARNING * * *
You closely miss the orc priest.
The orc priest is moderately wounded.
The orc warrior hits you with a +0 broad axe!
* * * LOW HITPOINT WARNING * * *
You punch the orc priest!
You kill the orc priest!
Okawaru accepts your kill. The orc warrior closely misses you.
You punch the orc!
You kill the orc!
Okawaru accepts your kill.
The orc warrior hits you with a +0 broad axe!
You die...

#...................
#....8.......8......
##..................
#......)............
###...............8#
###########.....#)
##.....8# #######
#........ #@)..[#
##........
#o#.#[###..##.....
#.# # #.#..###....
#.### #...## ##...
#...###...## ##..
###........## ##.
#.........# ##
##........##
#.......<.##


You could see an orc warrior.

Vanquished Creatures
  A death yak (D:9)
  Pikel (D:7)
  A kobold demonologist (D:9)
  5 polar bears
  Prince Ribbit (D:5)
  A spriggan (D:9)
  Sigmund (D:5)
  A shadow (D:9)
  A wraith (D:9)
  A yak (D:9)
  A steam dragon (D:7)
  An acid dragon (D:9)
  A two-headed ogre zombie (D:9)
  A water moccasin (D:6)
  2 orc warriors (D:9)
  7 ice beasts (D:9)
  3 sky beasts
  3 centaurs
  A wolf (D:9)
  3 lemures
  2 phantoms
  Blork the orc (D:5)
  5 bullfrogs
  A gnoll sergeant (D:9)
  A scorpion (D:5)
  5 wights (D:9)
  An electric eel (D:9)
  A hound (D:5)
  6 human zombies (Ossuary)
  2 centaur zombies (Ossuary)
  11 orc priests
  A jelly (D:6)
  A sleepcap (D:6)
  3 iguanas
  11 orc wizards
  7 ogre zombies (D:9)
  A centaur simulacrum (D:9)
  2 mummies (Ossuary)
  10 gnolls
  6 adders
  A shadow imp (D:4)
  5 white imps
  An ufetubus (D:5)
  An adder zombie (Ossuary)
  2 worms (D:3)
  3 dart slugs
  28 orcs
  5 ball pythons
  3 bats
  8 endoplasms
  4 giant cockroaches
  5 goblins
  4 hobgoblins
  2 quokkas
  2 frilled lizards
  3 goblin skeletons (D:9)
  5 goblin zombies
  10 hobgoblin zombies
  5 kobolds
  12 kobold zombies (Ossuary)
  2 orc skeletons (D:9)
  20 orc zombies
  2 rats
  A rat zombie (Ossuary)
249 creatures vanquished.

Vanquished Creatures (others)
  A white imp (D:9)
1 creature vanquished.

Grand Total: 250 creatures vanquished

Notes
Turn   | Place    | Note
-------+----------+-------------------------------------------
     0 | D:1      | MacCMillion the Draconian Fighter began the quest for the
                  | Orb.
     0 | D:1      | Reached XP level 1. HP: 19/19 MP: 1/1
   220 | D:1      | Reached XP level 2. HP: 20/26 MP: 2/2
   867 | D:2      | Reached XP level 3. HP: 33/33 MP: 3/3
  1175 | D:3      | Reached skill level 3 in Unarmed Combat
  2187 | D:4      | Reached XP level 4. HP: 41/41 MP: 4/4
  2189 | D:4      | Noticed a bullfrog
  2208 | D:4      | Killed a bullfrog
  2209 | D:4      | Reached skill level 5 in Fighting
  2209 | D:4      | Reached skill level 4 in Unarmed Combat
  2209 | D:4      | Reached XP level 5. HP: 36/48 MP: 5/5
  2408 | D:4      | You fall into a shaft and drop 1 floor!
  2408 | D:5      | Entered Level 5 of the Dungeon
  2411 | D:5      | Noticed Blork the orc
  3102 | D:5      | Reached XP level 6. HP: 37/57 MP: 6/6
  3540 | D:5      | Noticed Prince Ribbit
  3592 | D:4      | Reached skill level 5 in Unarmed Combat
  4010 | D:6      | Found a staircase to the Ecumenical Temple.
  4027 | Temple   | Entered the Ecumenical Temple
  4046 | Temple   | Became a worshipper of Warmaster Okawaru
  4072 | D:6      | Found a sand-covered staircase.
  4126 | Ossuary  | Entered an ossuary
  4386 | Ossuary  | Your scales start taking on an icy white colour.
  4386 | Ossuary  | Reached XP level 7. HP: 64/64 MP: 7/7
  4386 | Ossuary  | Gained mutation: Your flesh is cold resistant. (rC+) [White
                  | Draconian growth]
  4751 | Ossuary  | Reached skill level 6 in Unarmed Combat
  5205 | D:6      | Reached * piety under Okawaru
  5286 | D:6      | Reached XP level 8. HP: 58/74 MP: 8/8
  5361 | D:6      | Reached skill level 7 in Unarmed Combat
  5684 | D:7      | Noticed Pikel
  6282 | D:5      | Noticed Sigmund
  6297 | D:5      | Killed Sigmund
  6389 | D:5      | Reached skill level 8 in Unarmed Combat
  6392 | D:5      | Killed Prince Ribbit
  6392 | D:5      | Reached ** piety under Okawaru
  6555 | D:5      | Killed Blork the orc
  6673 | D:7      | Killed Pikel
  6674 | D:7      | Reached XP level 9. HP: 85/85 MP: 8/10
  6716 | D:7      | Reached skill level 10 in Fighting
  6775 | D:6      | Reached skill level 9 in Unarmed Combat
  7432 | D:7      | Reached *** piety under Okawaru
  8085 | D:8      | Found Hutisala's Tiny Tomes.
  8099 | D:8      | Learned a level 5 spell: Freezing Cloud
  8523 | D:8      | Found an opulent altar of Gozag.
  8802 | D:9      | Noticed a death yak
  8857 | D:9      | Reached skill level 10 in Unarmed Combat
  8857 | D:9      | Reached skill level 1 in Air Magic
  8863 | D:9      | Reached skill level 1 in Ice Magic
  8868 | D:9      | Noticed a polar bear
  8889 | D:8      | Killed a polar bear
  8890 | D:8      | Reached skill level 1 in Conjurations
  8901 | D:9      | Noticed a polar bear
  8909 | D:9      | Killed a polar bear
  9280 | D:9      | Reached XP level 10. HP: 68/93 MP: 12/12
  9307 | D:9      | Reached **** piety under Okawaru
  9390 | D:9      | Found a staircase to the Orcish Mines.
  9462 | D:9      | HP: 1/93 [orc/+0 hand axe (6)]
 10507 | D:9      | Found a staircase to the Lair.
 10565 | D:9      | Reached skill level 1 in Spellcasting
 10884 | D:9      | Reached skill level 5 in Ice Magic
 11077 | D:9      | Killed a death yak
 11078 | D:9      | Reached skill level 11 in Unarmed Combat
 11356 | D:9      | Found a broken altar of Ashenzari.
 12159 | D:9      | Reached ***** piety under Okawaru
 12175 | D:9      | HP: 4/93 [orc warrior/+0 broad axe (9)]
 12177 | D:9      | Mangled by an orc warrior

Illustrated notes

Levels and vault maps discovered:
D:1:      lightli_arrival_noodles, layout_rooms
D:2:      layout_rooms, supply_closet_lemuel, st_stairs_14,
          hangedman_decor_clover_reticule, dreamdust_princess_corridor
D:3:      layout_loops_cross
D:4:      layout_loops_ring, minmay_fractal_squares_gapless_5
D:5:      layout_cave_pools, uniq_prince_ribbit1, uniq_blork_the_orc,
          uniq_sigmund
D:6:      layout_rooms, minmay_temple_entry_ruins,
          nicolae_ossuary_entry_monument
D:7:      layout_layer_cave, uniq_pikel
D:8:      layout_cave_pods, kennysheep_mini_moat, minmay_misc_feat_five,
          nicolae_shop_i_like_small_books_too, hangedman_decor_points
D:9:      layout_cave_pods, ashenzari_altar_1, dpeg_oklobed_lair,
          zombieorc2_lemuel, serial_ice, serial_ice_i, serial_ice_g,
          serial_ice_o, serial_ice_b, serial_ice_d, minmay_statues_item,
          hangedman_decor_opposing, the_hattery
Temple:   nicolae_temple_slightly_damp_pantheon

Skill      XL: |  1  2  3  4  5  6  7  8  9 10 |
---------------+-------------------------------+-----
Fighting       | 4 5 6 7 9 10 | 10.0
Unarmed Combat | 3 4 5 6 8 10 11 | 11.2
Invocations    | 2 3 |  3.0
Air Magic      | 3 4 |  4.5
Ice Magic      | 3 6 |  6.1
Conjurations   | 2 4 |  4.5
Spellcasting   | 2 |  2.8
Dodging        | |  2.6
Shields        | |  3.0

Action                     |  1- 3 |  4- 6 |  7- 9 | 10-12 || total
---------------------------+-------+-------+-------+-------++-------
  Melee: Unarmed           |   155 |   145 |   496 |   254 ||  1050
         Tailslap          |    21 |    21 |    79 |    32 ||   153
 Invoke: Heroism           |       |       |     2 |     1 ||     3
Ability: Breathe Frost     |       |       |     3 |     4 ||     7
    Use: Potion            |       |     1 |       |     1 ||     2
         Scroll            |       |       |     6 |       ||     6
   Stab: Sleeping          |     1 |       |     2 |       ||     3
 Armour: Skin              |    40 |    43 |   158 |    81 ||   322
  Dodge: Dodged            |    92 |    91 |   242 |   133 ||   558
  Block: Buckler           |    31 |    22 |    90 |    39 ||   182

Table legend: (Time is in decaauts)
 A = Elapsed time spent in this place.
 B = Non-inter-level travel time spent in this place.
 C = Inter-level travel time spent in this place.
 D = Time resting spent in this place.
 E = Time spent auto-exploring this place.
 F = Levels seen in this place.
 G = Mean time per level.
                   A        B        C        D        E       F      G
               +--------+--------+--------+--------+--------+-----+--------+
         Total |  12094 |  11747 |    347 |   4287 |   5035 |  11 | 1099.5 |
       Dungeon |  11223 |  10912 |    311 |   3987 |   4915 |   9 | 1247.0 |
        Temple |     38 |      2 |     36 |      0 |      0 |   1 |   38.0 |
       Ossuary |    831 |    831 |      0 |    300 |    120 |   1 |  831.0 |
               +--------+--------+--------+--------+--------+-----+--------+

Top non-repeatable levels by time:
     D:9: 2803 daAuts
     D:6: 1448 daAuts
     D:8: 1393 daAuts
     D:4: 1362 daAuts
     D:7: 1202 daAuts
     D:5: 933 daAuts
     D:3: 832 daAuts
 Ossuary: 831 daAuts
     D:2: 675 daAuts
     D:1: 572 daAuts
  Temple: 38 daAuts
